Map: Cyber Forest LE

Players

Harstem - Winner!

  • Race: Protoss Protoss
  • Spawn Location: 5:00

ArT

  • Race: Protoss Protoss
  • Spawn Location: 11:00

Event: IEM Season 13: Katowice (2019)

VOD

Have the link to the VOD?

Description

Time

  • Played on: Feb. 25, 2019, 10:50 a.m.
  • Length: 10:32

All games in this series

Show
View Real Time Build Order
Export as new Build Order

Harstem Protoss - Winner!

Build Orders: 1 Gate Expand, Zealot Archon 

Get SALT Encoding   

  12  0:00  Probe  
  13  0:13  Probe  
  14  0:18  Pylon  
  14  0:25  Probe  
  15  0:33  Probe  
  15  0:37  Gateway  
  15  0:41  Probe  
  17  0:52  Probe, Assimilator  
  18  1:04  Probe  
  19  1:16  Probe  
  20  1:24  Cybernetics Core  
  20  1:31  Nexus  
  20  1:34  Probe  
  20  1:39  Assimilator  
  22  1:48  Pylon  
  22  1:50  Probe  
  22  1:58  Sentry  
  22  2:03  Probe  
  25  2:15  Probe  
  26  2:21  Stalker  
  26  2:27  Probe  
  29  2:35  Gateway  
  29  2:39  Probe  
  29  2:43  Warp Gate  
  30  2:47  Stalker  
  30  2:49  Robotics Facility  
  31  2:56  Shield Battery  
  30  3:07  Shield Battery  
  30  3:08  Stalker  
  30  3:17  Shield Battery  
  32  3:23  Probe  
  34  3:27  Probe  
  34  3:28  Stalker  
  34  3:30  Observer  
  34  3:32  Shield Battery  
  36  3:35  Probe  
  38  3:42  Immortal  
  38  3:48  Probe  
  44  3:57  Pylon  
  44  4:00  Pylon  
  43  4:03  Probe  
  42  4:20  Probe  
  42  4:21  Probe  
  44  4:24  Shield Battery  
  44  4:28  Warp Prism  
  46  4:33  Stalker  
  46  4:34  Stalker  
  46  4:37  Probe  
  51  4:40  Probe  
  52  4:48  Probe  
  52  4:49  Probe  
  54  4:56  Pylon  
  54  4:57  Probe  
  54  5:00  Sentry x2  
  54  5:01  Probe  
  60  5:09  Probe  
  60  5:13  Probe  
  62  5:16  Assimilator  
  62  5:17  Forge  
  62  5:18  Twilight Council  
  62  5:20  Assimilator  
  62  5:25  Probe  
  63  5:29  Probe  
  63  5:31  Pylon  
  63  5:35  Pylon  
  64  5:43  Sentry, Zealot  
  64  5:45  Probe  
  65  5:53  Protoss Ground Weapons Level 1  
  65  5:58  Probe  
  65  5:59  Probe  
  65  6:03  Charge  
  67  6:07  Gateway  
  67  6:09  Gateway x2, Phoenix  
  67  6:11  Gateway  
  67  6:12  Stalker  
  67  6:13  Dark Shrine  
  69  6:19  Colossus  
  69  6:20  Probe  
  69  6:24  Observer  
  68  6:30  Gateway  
  69  6:35  Gateway  
  69  6:37  Probe  
  69  6:39  Zealot x2  
  74  6:42  Pylon  
  74  6:45  Pylon  
  74  6:51  Probe  
  72  6:54  Probe  
  72  7:00  Immortal  
  77  7:14  Probe  
  77  7:15  Photon Cannon  
  76  7:24  Nexus, Probe  
  76  7:26  Dark Templar  
  76  7:27  Dark Templar  
  80  7:34  Dark Templar  
  82  7:40  Probe  
  82  7:41  Protoss Ground Weapons Level 2  
  84  7:49  Dark Templar x2  
  87  7:53  Archon  
  87  8:02  Probe  
  88  8:10  Probe  
  88  8:11  Zealot x3  
  88  8:12  Robotics Bay  
  93  8:30  Pylon  
  93  8:36  Dark Templar, Zealot  
  93  8:37  Zealot  
  93  8:40  Dark Templar x2  
  101  8:48  Archon  
  101  8:49  Disruptor  
  101  8:54  Probe  
  102  8:56  Probe  
  104  9:03  Probe  
  104  9:06  Probe  
  104  9:07  Pylon  
  104  9:08  Probe  
  107  9:11  Dark Templar  
  107  9:13  Zealot x4  
  107  9:15  Disruptor  
  113  9:23  Probe  
  114  9:25  Zealot x2  
  121  9:34  Zealot x2  
  121  9:35  Zealot  
  119  9:46  Dark Templar x2  
  119  9:50  Zealot x2  
  119  9:58  Zealot x3  
  108  10:04  Dark Templar  
  108  10:06  Probe  
  88  10:09  Probe  
  88  10:10  Probe  
  85  10:15  Probe  
Show
View Real Time Build Order
Export as new Build Order

ArT Protoss 

Build Orders: Oracle Opening, Zealot Archon 

Get SALT Encoding   

  12  0:00  Probe  
  13  0:12  Probe  
  14  0:18  Pylon  
  14  0:24  Probe  
  15  0:32  Probe  
  15  0:39  Gateway  
  15  0:40  Probe  
  16  0:49  Assimilator  
  17  0:51  Probe  
  18  1:00  Pylon  
  18  1:03  Probe  
  19  1:15  Probe  
  19  1:18  Gateway  
  20  1:29  Cybernetics Core  
  20  1:30  Probe  
  21  1:39  Assimilator  
  21  1:42  Probe  
  22  1:54  Probe  
  22  1:56  Adept  
  23  2:07  Sentry  
  23  2:08  Probe  
  28  2:12  Pylon  
  28  2:13  Warp Gate  
  28  2:16  Adept  
  30  2:31  Probe  
  31  2:42  Nexus  
  31  2:56  Stargate  
  31  2:59  Probe  
  32  3:11  Probe  
  33  3:23  Probe  
  34  3:29  Pylon  
  34  3:30  Oracle  
  34  3:35  Probe  
  34  3:37  Gateway  
  38  3:47  Probe  
  38  3:48  Robotics Facility  
  39  3:56  Probe  
  39  4:02  Probe  
  41  4:03  Stalker  
  41  4:05  Pylon  
  41  4:08  Probe  
  44  4:12  Oracle  
  44  4:16  Probe  
  45  4:17  Probe  
  47  4:26  Probe  
  47  4:28  Probe  
  49  4:31  Sentry, Forge  
  49  4:35  Probe  
  50  4:39  Observer  
  50  4:40  Probe  
  50  4:44  Assimilator  
  52  4:46  Assimilator  
  52  4:47  Probe  
  52  4:48  Pylon  
  52  4:52  Probe  
  54  4:59  Probe  
  55  5:01  Immortal  
  55  5:03  Pylon  
  55  5:04  Protoss Ground Weapons Level 1  
  59  5:07  Probe  
  59  5:11  Probe  
  61  5:18  Pylon  
  61  5:19  Probe  
  62  5:29  Twilight Council  
  62  5:31  Probe  
  62  5:33  Phoenix  
  62  5:34  Gateway  
  62  5:35  Gateway  
  65  5:46  Pylon  
  65  5:51  Zealot, Pylon  
  65  5:55  Zealot  
  69  6:05  Charge  
  69  6:06  Pylon  
  69  6:11  Gateway  
  69  6:13  Gateway  
  69  6:16  Pylon  
  69  6:28  Gateway  
  69  6:29  Gateway  
  69  6:37  Warp Prism  
  69  6:39  Protoss Ground Weapons Level 2  
  71  6:49  Nexus  
  71  6:59  Templar Archives  
  71  7:02  Pylon  
  71  7:04  Zealot x3  
  77  7:11  Zealot x2  
  81  7:21  Zealot  
  83  7:24  Pylon  
  83  7:27  Zealot x3  
  89  7:36  High Templar x2  
  89  7:37  High Templar x2  
  95  7:40  Pylon  
  95  7:42  Archon x2  
  95  7:43  Zealot  
  99  7:49  Zealot x3  
  105  8:05  Zealot  
  105  8:09  High Templar x2  
  105  8:10  Zealot x4  
  119  8:14  Zealot, Archon  
  119  8:19  Observer  
  121  8:22  Photon Cannon  
  121  8:25  Photon Cannon  
  118  8:31  Zealot  
  114  8:35  Zealot  
  114  8:36  Observer  
  116  8:48  Zealot x3  
  118  8:55  Probe x2  
  122  9:00  Photon Cannon  
  122  9:04  Probe  
  122  9:07  Probe  
  124  9:26  High Templar x2  
  124  9:27  Zealot x3  
  124  9:29  Zealot  
  124  9:30  Zealot  
  124  9:31  Archon  
  136  9:37  Zealot  
  138  9:40  Probe  
  138  9:41  Probe  
  138  9:45  Phoenix  
  118  9:46  Probe  
  118  9:49  Probe  
  89  10:05  Zealot x2  
  57  10:08  Probe  
  57  10:10  Probe  
  57  10:12  Probe  
  48  10:17  Probe  
  48  10:18  Probe  

Tags
 
Add a new tag
Caveats
  • Supply blocks, unpowered buildings, or Contaminate may cause inaccurate times.
  • Supply counts are checked every 10 seconds.